Map: Pillars of Gold LE

Players

ByuN

  • Race: Terran Terran
  • Spawn Location: 1:00

LiquidClem (Clem) - Winner!

  • Race: Terran Terran
  • Spawn Location: 7:00

Event: Cheeseadelphia Winter Championship 2021

VOD

Have the link to the VOD?

Description

Time

  • Played on: Jan. 24, 2021, 3:14 p.m.
  • Length: 14:55

All games in this series

Show
View Real Time Build Order
Export as new Build Order

ByuN Terran 

Build Orders: Gas First Reaper Expand, Banshee Rush 

Get SALT Encoding   

  12  0:00  SCV  
  13  0:12  SCV  
  14  0:17  Supply Depot  
  14  0:24  SCV  
  15  0:28  Refinery  
  15  0:39  SCV  
  16  0:46  Barracks  
  16  0:51  SCV  
  17  1:03  SCV  
  18  1:15  SCV  
  19  1:33  Orbital Command, Reaper  
  20  1:45  Command Center  
  20  1:56  Factory  
  20  1:59  SCV  
  21  2:06  Reaper  
  21  2:08  Refinery  
  22  2:14  Supply Depot  
  22  2:18  SCV  
  23  2:36  SCV  
  24  2:37  Marine  
  24  2:40  Hellion  
  24  2:42  Starport  
  27  2:48  SCV  
  28  2:57  Orbital Command, Barracks Tech Lab  
  28  3:00  SCV  
  28  3:04  Hellion  
  31  3:12  SCV  
  32  3:20  Supply Depot  
  32  3:23  Cloaking Field  
  32  3:24  Banshee  
  35  3:31  SCV x2  
  35  3:32  Factory Tech Lab  
  37  3:36  Barracks Reactor  
  37  3:43  SCV x2  
  37  3:45  Supply Depot  
  39  3:51  Cyclone  
  43  3:55  SCV x2  
  43  3:56  Refinery  
  44  4:07  SCV x2  
  46  4:12  Banshee  
  46  4:13  Marine  
  46  4:15  Marine  
  51  4:19  SCV  
  51  4:20  SCV  
  53  4:24  Barracks  
  53  4:25  Supply Depot  
  53  4:30  Siege Tank  
  56  4:32  SCV  
  56  4:33  SCV  
  58  4:44  SCV  
  59  4:45  SCV  
  59  4:49  Supply Depot  
  57  4:55  Marine x2  
  57  4:58  SCV x2  
  60  5:05  Starport Reactor  
  60  5:10  SCV x2  
  60  5:13  Siege Tank  
  65  5:14  Marine  
  65  5:16  Supply Depot  
  65  5:20  Marine  
  65  5:21  Stimpack  
  67  5:25  SCV x2  
  69  5:33  Marine x2  
  71  5:38  Command Center, Marine  
  71  5:39  Supply Depot  
  71  5:40  SCV x2  
  71  5:42  Medivac  
  76  5:43  Medivac  
  76  5:48  Refinery  
  78  5:51  Marine x2  
  78  5:56  Marine  
  81  6:00  Engineering Bay  
  81  6:02  Engineering Bay, SCV  
  81  6:03  SCV  
  81  6:04  Siege Tank  
  81  6:11  Marine x2  
  81  6:14  Viking, Marine  
  81  6:15  Viking  
  85  6:29  Marine x2  
  85  6:32  Marine  
  85  6:33  Terran Infantry Armor Level 1  
  85  6:34  Terran Infantry Weapons Level 1  
  85  6:38  Siege Tank  
  87  6:47  Marine x2  
  89  6:59  Command Center  
  89  7:00  Supply Depot  
  89  7:01  SCV x2  
  89  7:03  Marine  
  89  7:04  Marine  
  89  7:05  Marine  
  93  7:13  SCV  
  94  7:17  SCV  
  94  7:20  Supply Depot  
  94  7:22  Combat Shield, Medivac, Supply Depot, Siege Tank, Marine x3  
  102  7:35  Barracks x2  
  102  7:37  Barracks  
  102  7:38  SCV x2  
  102  7:42  Armory  
  104  7:46  Marine  
  104  7:47  Marine x2  
  105  7:52  SCV x2  
  104  8:03  Siege Tank  
  104  8:04  Marine  
  104  8:05  Marine x2  
  104  8:08  Medivac x2  
  110  8:16  SCV x2  
  104  8:22  Marine  
  104  8:23  Marine  
  104  8:24  Marine  
  104  8:26  Barracks Reactor x3  
  104  8:28  SCV  
  104  8:33  SCV  
  106  8:37  Missile Turret  
  106  8:40  SCV, Marine  
  106  8:41  Marine  
  108  8:42  Marine  
  108  8:46  SCV  
  112  8:48  Orbital Command  
  112  8:52  SCV  
  112  8:54  Terran Infantry Armor Level 2  
  112  8:58  Marine  
  112  8:59  Marine  
  112  9:00  SCV, Marine  
  111  9:04  Siege Tank, Marine  
  111  9:05  Marine x4  
  111  9:08  SCV  
  117  9:12  SCV  
  117  9:13  Medivac x2  
  117  9:16  Marine  
  117  9:17  Marine  
  123  9:21  SCV  
  123  9:22  Refinery  
  125  9:25  Marine x6  
  131  9:32  Refinery  
  131  9:35  Sensor Tower  
  131  9:40  Marine x2  
  131  9:42  Marine  
  131  9:43  Marine x5  
  139  9:52  Factory  
  139  9:56  Barracks Reactor  
  139  10:07  Marine x3  
  138  10:11  Command Center  
  138  10:13  Supply Depot x2  
  141  10:24  Supply Depot  
  141  10:26  Marine x5  
  141  10:27  SCV x2  
  141  10:28  SCV  
  149  10:34  Siege Tank, Marine x3  
  155  10:39  Marine  
  155  10:40  Marine  
  157  10:44  Marine x5  
  160  10:50  Siege Tank  
  160  10:52  Marine x3  
  152  10:57  Marine x2  
  152  11:01  Marine x5  
  141  11:06  Siege Tank  
  122  11:13  Marine  
  123  11:21  Supply Depot  
  123  11:22  Supply Depot  
  123  11:23  Siege Tank, Marine x3  
  123  11:25  Marine  
  125  11:27  Liberator x2  
  125  11:30  Marine x2  
  123  11:44  Marine x2  
  125  11:50  Marine  
  125  11:52  Marine  
  125  11:53  Marine x5  
  125  11:54  Marine  
  116  12:01  Orbital Command, Marine  
  111  12:02  Marine  
  111  12:08  Marine  
  112  12:10  Marine  
  112  12:11  Marine x3  
  117  12:18  Medivac x2  
  117  12:19  SCV x2  
  123  12:31  Marine x2  
  123  12:35  Marine  
  125  12:41  Marine  
  125  12:42  Supply Depot  
  126  12:45  Marine x2  
  126  12:46  Marine  
  129  12:53  SCV x2  
  129  12:55  Orbital Command  
  119  13:10  Marine  
  120  13:15  Medivac x2  
  120  13:16  Marine x8  
  120  13:17  Marine  
  123  13:21  SCV x2  
  123  13:22  SCV  
  126  13:33  SCV  
  127  13:37  Marine x3  
  127  13:38  Marine x4  
  134  13:47  Marine x3  
  134  13:55  SCV x3, Marine  
  136  14:00  Marine x3  
  140  14:06  Medivac  
  140  14:08  Engineering Bay  
  140  14:09  Engineering Bay, Supply Depot  
  141  14:11  Medivac  
  143  14:21  Supply Depot  
  143  14:22  Marine  
  124  14:25  Marine x8  
Show
View Real Time Build Order
Export as new Build Order

LiquidClem Terran - Winner!

Build Orders: Reaper Expand 

Get SALT Encoding   

  12  0:00  SCV  
  13  0:12  SCV  
  14  0:17  Supply Depot  
  14  0:24  SCV  
  15  0:39  SCV  
  15  0:40  Barracks  
  16  0:45  Refinery  
  16  0:51  SCV  
  17  1:03  SCV  
  18  1:15  SCV  
  19  1:28  Orbital Command  
  19  1:29  Reaper  
  20  1:43  Command Center  
  20  1:55  SCV  
  20  1:56  Supply Depot  
  20  2:00  Marine  
  22  2:07  SCV  
  23  2:12  Factory  
  23  2:19  Refinery  
  23  2:20  Marine  
  24  2:24  SCV  
  25  2:36  SCV  
  26  2:39  Barracks Reactor  
  26  2:48  SCV  
  27  2:56  Starport  
  27  2:57  Factory Tech Lab, Orbital Command  
  27  3:00  SCV  
  27  3:04  Refinery  
  28  3:12  SCV  
  29  3:15  Marine  
  29  3:16  Marine  
  31  3:21  Factory Tech Lab  
  31  3:23  SCV  
  31  3:24  SCV  
  33  3:33  Marine x2  
  35  3:35  SCV  
  35  3:36  SCV  
  35  3:38  Banshee  
  35  3:40  Cyclone  
  43  3:44  Supply Depot  
  43  3:49  SCV x2  
  45  4:00  Supply Depot  
  45  4:01  SCV  
  46  4:06  SCV, Marine x2  
  49  4:14  SCV  
  49  4:15  Siege Tank  
  52  4:19  Supply Depot, SCV  
  52  4:21  Raven  
  55  4:26  SCV  
  55  4:31  SCV  
  58  4:38  SCV  
  58  4:39  Command Center  
  58  4:43  SCV  
  59  4:49  Marine  
  59  4:50  SCV  
  59  4:52  Siege Tank  
  63  4:55  Supply Depot  
  63  4:59  SCV  
  65  5:02  SCV  
  65  5:07  Supply Depot  
  66  5:12  SCV  
  66  5:14  SCV  
  66  5:15  Refinery  
  66  5:17  Viking x2  
  66  5:20  Engineering Bay  
  71  5:24  SCV  
  72  5:28  Siege Tank  
  72  5:31  SCV  
  72  5:34  Marine  
  77  5:37  SCV  
  77  5:41  Supply Depot  
  78  5:43  Stimpack  
  78  5:47  Missile Turret  
  78  5:50  Missile Turret  
  78  5:56  Viking  
  80  5:59  Viking  
  80  6:01  Marine  
  80  6:02  SCV  
  84  6:04  SCV  
  84  6:10  Supply Depot  
  85  6:14  SCV  
  85  6:16  SCV, Siege Tank  
  90  6:19  Marine  
  90  6:20  Orbital Command  
  91  6:27  SCV  
  87  6:34  SCV  
  87  6:35  Barracks  
  87  6:36  Barracks  
  87  6:37  Marine  
  87  6:39  SCV  
  90  6:44  Viking x2  
  90  6:46  SCV  
  95  6:51  Siege Tank  
  95  6:53  SCV  
  99  6:55  SCV, Marine  
  99  6:58  Supply Depot  
  101  7:05  SCV  
  101  7:08  SCV  
  101  7:11  SCV  
  101  7:12  Marine  
  102  7:18  Supply Depot  
  102  7:19  SCV  
  102  7:20  Liberator  
  106  7:24  Barracks Reactor x2  
  106  7:25  Combat Shield  
  106  7:27  Siege Tank  
  109  7:30  Marine  
  109  7:33  SCV  
  111  7:38  Viking  
  111  7:41  Supply Depot, SCV  
  111  7:43  Terran Infantry Weapons Level 1, SCV  
  115  7:46  Refinery  
  115  7:47  SCV  
  115  7:48  Marine  
  117  7:53  Barracks  
  117  7:54  Barracks  
  117  7:55  Supply Depot, Refinery  
  117  7:56  SCV  
  118  8:02  Siege Tank  
  116  8:06  Marine x2  
  116  8:09  Marine x2  
  120  8:14  Engineering Bay, Marine  
  120  8:15  SCV  
  120  8:17  Supply Depot  
  116  8:22  SCV  
  116  8:24  Medivac x2, Marine x2  
  122  8:28  SCV x2  
  122  8:29  Sensor Tower  
  122  8:34  Siege Tank, SCV, Marine x2  
  128  8:38  Marine  
  128  8:40  SCV x2  
  133  8:42  Terran Infantry Armor Level 1, Armory, Marine  
  133  8:43  Barracks Reactor x2  
  133  8:46  SCV  
  135  8:53  Command Center  
  127  9:05  Medivac x2, Marine  
  127  9:06  Siege Tank  
  127  9:12  SCV x2  
  128  9:17  Marine x4  
  128  9:23  Supply Depot, Missile Turret, Marine  
  133  9:25  Marine x4  
  137  9:34  Terran Vehicle Weapons Level 1  
  137  9:35  Liberator, Factory, Marine x3  
  137  9:36  Marine  
  137  9:38  Viking  
  146  9:41  Marine  
  146  9:42  Marine  
  146  9:43  Marine x2  
  150  9:51  Siege Tank  
  153  9:53  Marine x2  
  153  9:54  Supply Depot  
  153  9:55  Marine x2  
  153  9:59  Marine x2  
  157  10:03  Terran Infantry Weapons Level 2  
  157  10:06  Marine  
  157  10:07  Marine  
  158  10:14  Marine  
  160  10:18  Liberator  
  163  10:23  Siege Tank, Marine x2  
  167  10:31  Marine  
  167  10:32  Marine x2  
  167  10:34  Barracks Reactor  
  167  10:35  Siege Tank, Marine x2  
  173  10:36  Refinery, Marine  
  173  10:40  SCV x2  
  173  10:41  Marine x2  
  178  10:49  Marine x2  
  171  10:50  Marine  
  171  10:53  Marine, Viking  
  171  10:55  Siege Tank  
  176  10:57  Marine x2  
  176  10:59  Marine x2  
  176  11:02  SCV  
  171  11:05  Command Center  
  171  11:07  Siege Tank, SCV x2, Marine  
  162  11:11  Marine x2  
  162  11:12  Marine  
  162  11:14  SCV, Marine  
  162  11:15  Marine  
  162  11:19  SCV  
  146  11:26  SCV x2  
  146  11:31  SCV, Marine x3  
  148  11:35  Siege Tank  
  148  11:38  SCV  
  149  11:41  Marine x2  
  149  11:42  SCV  
  149  11:43  SCV  
  149  11:45  Terran Infantry Armor Level 2, Marine  
  154  11:50  SCV, Siege Tank  
  154  11:53  Marine  
  144  11:58  SCV  
  144  12:00  Medivac, Marine x3  
  140  12:01  Marine  
  140  12:02  Marine  
  142  12:08  Planetary Fortress  
  142  12:09  SCV  
  142  12:11  SCV  
  142  12:12  Marine  
  145  12:17  Marine x2  
  145  12:18  SCV, Marine  
  145  12:22  Siege Tank, SCV  
  153  12:23  Marine  
  153  12:29  Marine x5  
  159  12:35  Missile Turret  
  159  12:37  SCV x2  
  159  12:39  SCV  
  159  12:42  Siege Tank  
  159  12:43  Marine x2  
  167  12:46  Supply Depot  
  167  12:49  Supply Depot  
  168  12:51  SCV x3  
  168  12:52  SCV  
  171  13:04  Siege Tank, Marine  
  171  13:05  Marine x3  
  152  13:06  SCV  
  152  13:07  Marine x2  
  152  13:08  Marine x2  
  157  13:16  Siege Tank  
  157  13:18  Marine x2  
  162  13:20  Liberator  
  162  13:22  Viking, Marine  
  162  13:23  Marine x2  
  162  13:26  Marine x2  
  172  13:27  Marine x2  
  172  13:28  Marine  
  175  13:36  Marine x2  
  175  13:38  Siege Tank  
  175  13:40  Marine  
  175  13:41  Marine x2  
  178  13:48  Siege Tank  
  180  13:51  Command Center  
  180  13:52  Marine x2  
  182  14:02  Marine x2  
  184  14:04  Marine  
  184  14:05  Sensor Tower, Marine x4  
  186  14:11  Siege Tank, Marine x2  
  191  14:19  Marine  
  191  14:22  Siege Tank  
  195  14:33  Marine x2  
  196  14:44  Missile Turret  
Tags
 
Add a new tag
Caveats
  • Supply blocks, unpowered buildings, or Contaminate may cause inaccurate times.
  • Supply counts are checked every 10 seconds.